 Dungeon Crawl Stone Soup version 0.22-a0-443-g17c3723 (webtiles) character file.

12682 emperorscorpion the Unseen (level 11, 0/51 HPs)
             Began as a Spriggan Enchanter on June 1, 2018.
             Was a Believer of Uskayaw.
             Killed by divine providence
             ... invoked by an orc priest
              (11 damage)
             ... on level 10 of the Dungeon.
             The game lasted 00:36:37 (13053 turns).

emperorscorpion the Unseen (Spriggan Enchanter)    Turns: 13053, Time: 00:36:38

Health: 0/51       AC:  4    Str:  4    XL:     11   Next: 65%
Magic:  20/27      EV: 25    Int: 19    God:    Uskayaw [**....]
Gold:   643        SH:  0    Dex: 18    Spells: 19/33 levels left

rFire    + . .     SeeInvis +   a - +0 short sword (drain)
rCold    . . .     Gourm    .   (shield restricted)
rNeg     . . .     Faith    +   O - +2 robe {rF+}
rPois    .         Spirit   .   (helmet restricted)
rElec    .         Reflect  .   (no cloak)
rCorr    .         Harm     .   (gloves unavailable)
MR       ++...                  (boots unavailable)
Stlth    ++++++....             G - amulet of faith (curse)
HPRegen  0.17/turn              e - +3 ring of evasion
MPRegen  0.20/turn              N - ring of protection from magic

@: drained, very quick
A: very small, unfitting armour, see invisible, herbivore, speed 3, slow
metabolism 2
a: Stomp, Line Pass, Renounce Religion


You were on level 10 of the Dungeon.
You worshipped Uskayaw.
Uskayaw was noncommittal.
You were hungry.

You visited 1 branch of the dungeon, and saw 10 of its levels.

You collected 643 gold pieces.

Inventory:

Hand Weapons
 a - a +0 short sword of draining (weapon)
 b - a +3 scimitar of flaming
 k - a +0 hunting sling
 y - a +2 dagger
 J - a +0 shortbow
Missiles
 g - 164 stones (quivered)
 h - 8 needles of confusion
 m - a throwing net
 q - 121 sling bullets
 v - 179 arrows
 w - 8 curare-tipped needles
 Q - 9 bolts
Armour
 E - a +1 robe
 O - a +2 robe of fire resistance (worn)
Jewellery
 e - a +3 ring of evasion (left hand)
 A - an uncursed amulet of the gourmand
 G - a cursed amulet of faith (around neck)
 L - an uncursed ring of flight
 N - a ring of protection from magic (right hand)
Wands
 c - a wand of acid (10)
 s - a wand of random effects (77)
 C - a wand of disintegration (10)
 F - a wand of polymorph (16)
 K - a wand of iceblast (9)
 M - a wand of paralysis (2)
Scrolls
 f - 2 scrolls of enchant weapon
 j - 4 scrolls of remove curse
 t - 2 scrolls of immolation
 u - 7 scrolls of identify
 B - a scroll of magic mapping {unknown}
 D - a scroll of teleportation
 P - a scroll of fear
 R - a scroll of amnesia {unknown}
Potions
 i - a potion of mutation {unknown}
 l - a potion of flight
 n - 3 potions of haste
 o - 5 potions of heal wounds
 p - 3 potions of degeneration {unknown}
 r - 2 potions of might {unknown}
 x - a potion of ambrosia {unknown}
 z - 2 potions of curing
 H - a potion of cancellation {unknown}
 I - a potion of lignification {unknown}
Comestibles
 d - 20 rations


   Skills:
 + Level 2.5(2.1) Fighting
 + Level 6.9(6.4) Short Blades
 + Level 1.4(1.0) Throwing
 + Level 6.7(6.2) Dodging
 + Level 16.3(15.7) Stealth
 * Level 11.5(10.9) Spellcasting
 + Level 1.2(0.8) Conjurations
 + Level 8.2(7.7) Hexes
 + Level 3.7(3.2) Ice Magic
 + Level 1.9(1.5) Air Magic
 + Level 1.3(0.9) Poison Magic


You had 19 spell levels left.
You knew the following spells:

 Your Spells              Type           Power        Failure   Level  Hunger
a - Corona                Hex            #####..      1%          1    None
b - Ensorcelled Hibernat  Hex/Ice        ####..       1%          2    None
c - Confuse               Hex            #####...     1%          3    None
d - Dazzling Spray        Conj/Hex       ####..       3%          3    None
e - Blink                 Tloc           N/A          11%         2    None
f - Mephitic Cloud        Conj/Pois/Air  ##......     13%         3    None

Your spell library contained the following spells:

 Spells                   Type           Power        Failure   Level  Hunger
 Magic Dart               Conj           ##..         4%          1    None
 Apportation              Tloc           ##....       7%          1    None
 Conjure Flame            Conj/Fire      ##......     17%         3    None
 Slow                     Hex            #####...     1%          2    None
 Invisibility             Hex            #####...     41%         6    ######.
 Throw Frost              Conj/Ice       ###...       4%          2    None
 Death's Door             Chrm/Necr      ##........   100%        8    #######
 Animate Dead             Necr           N/A          56%         4    ##.....
 Pain                     Necr           ##..         7%          1    None
 Animate Skeleton         Necr           N/A          7%          1    None
 Vampiric Draining        Necr           ##........   21%         3    None
 Haunt                    Necr/Summ      ##........   100%        7    #######
 Borgnjor's Revivificati  Necr           ##........   100%        8    #######
 Freeze                   Ice            ###.         1%          1    None
 Summon Ice Beast         Ice/Summ       ###.....     34%         4    ##.....
 Ozocubu's Armour         Chrm/Ice       ###.....     11%         3    None
 Call Imp                 Summ           ##......     11%         2    None
 Regeneration             Chrm/Necr      ##........   21%         3    None
 Tukima's Dance           Hex            #####...     1%          3    None
 Necromutation            Tmut/Necr      ##........   100%        8    #######
 Throw Icicle             Conj/Ice       ###.....     28%         4    ##.....
 Confusing Touch          Hex            #####.       1%          1    None
 Metabolic Englaciation   Hex/Ice        ####......   19%         5    ####...
 Summon Butterflies       Summ           ##......     7%          1    None
 Alistair's Intoxication  Tmut/Pois      ##......     83%         5    ####...
 Petrify                  Tmut/Erth      ##......     56%         4    ##.....
 Gell's Gravitas          Tloc           ##........   21%         3    None
 Yara's Violent Unravell  Hex/Tmut       ####......   36%         5    ####...
 Infestation              Necr           ##........   100%        8    #######
 Lesser Beckoning         Tloc           ##........   21%         3    None


Dungeon Overview and Level Annotations

Branches:
Dungeon (10/15)            Temple (0/1) D:7             Orc (0/2) D:9
   Lair: D:8-11

Altars:
Cheibriados
Hepliaklqana
Makhleb
Okawaru
Trog
Uskayaw
Xom
Beogh


Innate Abilities, Weirdness & Mutations

You are very small and have problems with some larger weapons.
You are too small for most types of armour.
You have supernaturally acute eyesight. (SInv)
You are a herbivore.
You cover ground extremely quickly.
You need to consume almost no food.


Message History

You catch the helpless phantom completely off-guard!
You impale the phantom!!
You destroy the phantom!
Casting: Confuse (safe; 1% risk of failure)
Confirm with . or Enter, or press ? or * to list all spells.
Aiming: Confuse (safe; 1% risk of failure)
Press: ? - help, Shift-Dir - straight line, f/p - orc warrior
Aim: an orc warrior, wielding a long sword and wearing a chain mail (chance to defeat MR: 67%)
The orc warrior appears confused.
You hit the orc warrior but do no damage.
You drain the orc warrior!
The orc warrior is lightly wounded.
You barely miss the orc warrior.
The orc warrior is lightly wounded.
The orc priest mumbles some strange prayers to Beogh against you.
Beogh smites you!
* * * LOW HITPOINT WARNING * * *
The orc priest mumbles some strange prayers to Beogh against you.
Beogh smites you!
You die...

#.#.##.##...............#.....
#.#.##.##.....###.##..######.#
#......#####.## ##....# #.#
###.#### #.# #..).# #.# #.##
#.## ##.##.# #.# #<[#
######.###.....# #.#
##.###.........#.#########..
#.#...####.####..........#.
#†)##..###@####.........# #
#...........oo...####..##
##.##..###.####..#......#
##...####o# #..#.##..#
###......# #........##.#
######## ##...).......
#####o###### #.# ####o###


You could see an orc warrior (confused), an orc priest and an orc.

Vanquished Creatures
  A hydra (D:8)
  Erica (D:8)
  3 two-headed ogres
  An unseen horror (D:10)
  A wizard (D:10)
  2 orc sorcerers (D:10)
  The ghost of xccam the Skirmisher, a novice MiMo (D:5)
  Psyche (D:10)
  A troll (D:10)
  A hippogriff (D:9)
  2 dream sheep (D:8)
  Sigmund (D:4)
  A shadow (D:10)
  A wyvern (D:9)
  6 yaks
  A hungry ghost (D:9)
  Menkaure (D:7)
  A water moccasin (D:10)
  A black bear (D:10)
  7 orc warriors
  3 ice beasts
  A phantom (D:10)
  9 ogres
  A sky beast (D:8)
  4 centaurs
  8 bullfrogs
  3 big kobolds (D:8)
  A scorpion (D:9)
  5 killer bees (D:7)
  2 howler monkeys (D:8)
  2 crimson imps (D:7)
  A quasit (D:6)
  A centaur zombie (D:7)
  8 hounds
  A jelly (D:7)
  8 orc priests
  6 orc wizards
  A bullfrog skeleton (D:5)
  5 iguanas
  Ijyb (D:4)
  4 worker ants
  2 worker ant zombies
  7 gnolls
  2 howler monkey skeletons
  12 adders
  A shadow imp (D:9)
  An adder skeleton (D:6)
  3 worms
  2 dart slugs
  8 leopard geckos
  53 orcs
  4 bats
  5 giant cockroaches
  12 hobgoblins
  14 jackals
  7 quokkas
  A ball python (D:1)
  8 frilled lizards
  A giant cockroach zombie (D:5)
  9 goblins
  A jackal skeleton (D:4)
  7 kobolds
  7 rats
277 creatures vanquished.

Vanquished Creatures (collateral kills)
  A killer bee (D:7)
1 creature vanquished.

Grand Total: 278 creatures vanquished

Notes
Turn   | Place    | Note
-------+----------+-------------------------------------------
     0 | D:1      | emperorscorpion the Spriggan Enchanter began the quest for the Orb.
     0 | D:1      | Reached XP level 1. HP: 9/9 MP: 5/5
   579 | D:1      | Reached XP level 2. HP: 13/13 MP: 6/6
   601 | D:1      | Reached skill level 5 in Stealth
   607 | D:1      | Learned a level 2 spell: Ensorcelled Hibernation
  1230 | D:2      | Reached XP level 3. HP: 3/16 MP: 0/8
  1243 | D:2      | Learned a level 3 spell: Dazzling Spray
  2346 | D:2      | Reached XP level 4. HP: 21/21 MP: 2/9
  2567 | D:2      | Learned a level 3 spell: Confuse
  3147 | D:2      | Found a bloodstained altar of Trog.
  3314 | D:3      | Found a burning altar of Makhleb.
  3413 | D:2      | Reached skill level 6 in Stealth
  3698 | D:4      | Noticed Sigmund
  3721 | D:4      | Killed Sigmund
  3721 | D:4      | Reached XP level 5. HP: 20/25 MP: 5/12
  3721 | D:4      | Reached XP level 6. HP: 23/29 MP: 5/13
  3724 | D:4      | Reached skill level 7 in Stealth
  3724 | D:4      | Reached skill level 1 in Ice Magic
  4566 | D:4      | Noticed Ijyb
  4569 | D:4      | Killed Ijyb
  4569 | D:4      | Reached skill level 5 in Hexes
  4652 | D:4      | Learned a level 2 spell: Blink
  6046 | D:5      | Entered Level 5 of the Dungeon
  6288 | D:5      | Reached skill level 1 in Fighting
  6288 | D:5      | Reached XP level 7. HP: 32/33 MP: 7/15
  6311 | D:5      | Found a hide-covered altar of Uskayaw.
  6328 | D:5      | Became a worshipper of Uskayaw the Reveler
  6459 | D:5      | Reached * piety under Uskayaw
  6479 | D:5      | Reached ** piety under Uskayaw
  6613 | D:5      | Noticed xccam's ghost (novice MiMo)
  6811 | D:5      | Reached *** piety under Uskayaw
  6812 | D:5      | Killed xccam's ghost
  6812 | D:5      | Reached skill level 8 in Stealth
  6812 | D:5      | Reached skill level 5 in Spellcasting
  6958 | D:5      | Reached XP level 8. HP: 37/37 MP: 8/17
  7110 | D:5      | Reached skill level 9 in Stealth
  7320 | D:6      | Found a hazy altar of Hepliaklqana.
  7594 | D:6      | Reached skill level 5 in Dodging
  7594 | D:6      | Reached skill level 10 in Stealth
  7750 | D:6      | Found a bloodstained altar of Trog.
  8186 | D:6      | Found an iron altar of Okawaru.
  8331 | D:7      | Learned a level 3 spell: Mephitic Cloud
  8339 | D:7      | Reached XP level 9. HP: 40/41 MP: 14/20
  8348 | D:7      | Reached skill level 11 in Stealth
  8351 | D:7      | Reached **** piety under Uskayaw
  8358 | D:7      | Reached ***** piety under Uskayaw
  8597 | D:7      | Noticed Menkaure
  8603 | D:7      | Killed Menkaure
  8603 | D:7      | Reached skill level 5 in Short Blades
  9137 | D:7      | Found a snail-covered altar of Cheibriados.
  9279 | D:7      | Found a staircase to the Ecumenical Temple.
  9453 | D:7      | You fall through a shaft!
  9624 | D:8      | Reached skill level 12 in Stealth
 10245 | D:8      | Noticed Erica
 10251 | D:8      | Killed Erica
 10401 | D:8      | Reached skill level 13 in Stealth
 10401 | D:8      | Reached XP level 10. HP: 46/46 MP: 19/23
 10416 | D:8      | Reached skill level 1 in Throwing
 10598 | D:8      | Noticed a three-headed hydra
 10622 | D:8      | Killed a three-headed hydra
 10622 | D:8      | Reached skill level 14 in Stealth
 10622 | D:8      | Reached skill level 1 in Conjurations
 11023 | D:9      | Found a shimmering altar of Xom.
 11039 | D:9      | Noticed a two-headed ogre
 11046 | D:9      | Killed a two-headed ogre
 11046 | D:9      | Reached skill level 10 in Spellcasting
 11048 | D:9      | Found a staircase to the Orcish Mines.
 11519 | D:9      | Reached skill level 1 in Air Magic
 11764 | D:9      | Reached XP level 11. HP: 49/51 MP: 23/26
 11915 | D:9      | Noticed a two-headed ogre
 11923 | D:9      | Killed a two-headed ogre
 11923 | D:9      | Reached skill level 15 in Stealth
 12037 | D:9      | Found a roughly hewn altar of Beogh.
 12388 | D:10     | Entered Level 10 of the Dungeon
 12388 | D:10     | Noticed an orc sorcerer
 12391 | D:10     | Noticed Psyche
 12392 | D:10     | Noticed an orc sorcerer
 12393 | D:10     | Noticed a wizard
 12395 | D:10     | Killed an orc sorcerer
 12398 | D:10     | Noticed an unseen horror
 12399 | D:10     | Killed Psyche
 12418 | D:10     | Killed an orc sorcerer
 12423 | D:10     | Killed a wizard
 12423 | D:10     | Reached skill level 1 in Poison Magic
 12426 | D:10     | Killed an unseen horror
 12765 | D:10     | Reached skill level 16 in Stealth
 12800 | D:10     | Noticed a two-headed ogre
 12827 | D:10     | Killed a two-headed ogre
 13053 | D:10     | Killed from afar by an orc priest

Vault maps used:
D:1:      erik_arrival_triangle_small, serial_glass, glass_columns_a,
          glass_columns_a, glass_columns_b, glass_columns_b
D:2:      cheibrodos_greedy_goblins, lightli_temple_of_fire, first_ration
D:3:      marbit_many_paths
D:4:      serial_corexii_hall, corexii_hall_statues_x, corexii_hall_statues_l,
          dk_rats_in_the_wall, uniq_sigmund, uniq_ijyb
D:5:      eat_drink_and_be_merry_uskayaw
D:6:      nicolae_overflow_crystal_walls, lemuel_doored_altar, bloody_trog
D:7:      cheibrodos_worm_habitat, temple_hall, uniq_menkaure
D:8:      special_room, hangedman_ranch, uniq_erica
D:9:      minmay_orc_entry_temple_small, corexii_hall_statues_x,
          nrook_mini_backslash, xom_teletrap_fun
D:10:     cheibrodos_wizards_tower, minivault_1, uniq_psyche, uniq_urug

Skill      XL: |  1  2  3  4  5  6  7  8  9 10 11 |
---------------+----------------------------------+-----
Stealth        | 5 6 7 8 10 13 14 16 | 16.3
Hexes          | 4 5 6 7 8 |  8.2
Spellcasting   | 3 4 5 6 8 10 11 | 11.5
Short Blades   | 2 3 4 5 6 |  6.9
Dodging        | 4 5 6 |  6.7
Ice Magic      | 1 2 3 |  3.7
Fighting       | 1 2 |  2.5
Throwing       | 1 |  1.4
Conjurations   | 1 |  1.2
Air Magic      | 1 |  1.9
Poison Magic   | 1 |  1.3

Action                   |  1- 3 |  4- 6 |  7- 9 | 10-12 || total
-------------------------+-------+-------+-------+-------++-------
Melee: Dagger            |   118 |   305 |    39 |       ||   462
       Short sword       |       |       |   191 |   285 ||   476
Throw: Stone             |       |     5 |     8 |       ||    13
 Cast: Ensorcelled Hiber |    21 |    43 |    63 |    32 ||   159
       Confuse           |       |     4 |     7 |    14 ||    25
       Dazzling Spray    |       |     3 |     4 |     7 ||    14
       Mephitic Cloud    |       |       |     4 |    15 ||    19
Evoke: Wand              |       |       |     1 |       ||     1
  Use: Potion            |     1 |       |       |     1 ||     2
       Scroll            |       |    11 |       |       ||    11
 Stab: Sleeping          |    20 |    28 |    50 |    30 ||   128
       Confused          |       |     3 |    12 |    21 ||    36
       Invisible         |       |     1 |     1 |       ||     2
       Distracted        |       |     1 |     2 |       ||     3
       Paralysed         |       |       |     3 |    12 ||    15
  Eat: Ration            |       |     3 |     3 |     1 ||     7
Armor: Robe              |     4 |    17 |     7 |     7 ||    35
Dodge: Dodged            |    79 |   263 |   164 |   165 ||   671

Table legend:
 A = Spawn XP
 B = Non-spawn XP
 C = Spawn XP percentage of total XP
 D = Spawn monster count
 E = Non-spawn monster count
 F = Spawn count percentage of total count
 G = Total turns spent on level
                    A         B        C        D         E        F      G
               +---------+---------+-------+---------+---------+-------+---------
         Total |       0 |   18118 |   0.0 |       0 |     278 |   0.0 | 13053
               +---------+---------+-------+---------+---------+-------+---------
           D:1 |       0 |      19 |   0.0 |       0 |      13 |   0.0 |  1005
           D:2 |       0 |     122 |   0.0 |       0 |      33 |   0.0 |  2275
           D:3 |       0 |      61 |   0.0 |       0 |      22 |   0.0 |   810
           D:4 |       0 |     445 |   0.0 |       0 |      29 |   0.0 |  2259
           D:5 |       0 |     939 |   0.0 |       0 |      21 |   0.0 |   929
           D:6 |       0 |    1131 |   0.0 |       0 |      25 |   0.0 |  1032
           D:7 |       0 |    1028 |   0.0 |       0 |      30 |   0.0 |  1231
           D:8 |       0 |    4401 |   0.0 |       0 |      38 |   0.0 |  1491
           D:9 |       0 |    4939 |   0.0 |       0 |      47 |   0.0 |  1397
          D:10 |       0 |    5033 |   0.0 |       0 |      20 |   0.0 |   624
               +---------+---------+-------+---------+---------+-------+---------
